 Dungeon Crawl Stone Soup version 0.23.0 (webtiles) character file.

Game seed: 18356715346786355381

222612 Blackhawk the Warrior (level 19, -2/164 HPs)
             Began as a Formicid Abyssal Knight on Feb 10, 2019.
             Was the Champion of Lugonu.
             Splashed by an acid blob's acid (4 damage)
             ... created by the Royal Jelly
             ... on level 4 of the Pits of Slime.
             The game lasted 01:23:57 (32012 turns).

Blackhawk the Warrior (Formicid Abyssal Knight)    Turns: 32012, Time: 01:23:58

Health: -2/164     AC: 16    Str: 29    XL:     19   Next: 47%
Magic:  0/31       EV: 11    Int: 12    God:    Lugonu [******]
Gold:   2794       SH: 26    Dex: 11    Spells: 18/18 levels left

rFire    . . .     SeeInvis +   a - +9 broad axe (distort)
rCold    . . .     Gourm    .   x - +0 large shield (curse)
rNeg     . . .     Faith    .   y - +2 chain mail {MR+}
rPois    .         Spirit   +   (helmet unavailable)
rElec    .         Reflect  .   m - scarf {Spirit}
rCorr    +         Harm     .   v - +2 pair of gloves
MR       ++...                  e - +0 pair of boots
Stlth    ..........             l - amulet of regeneration
HPRegen  0.77/turn              D - ring of resist corrosion
MPRegen  0.22/turn              p - +5 ring of strength

@: corroded
A: permanent stasis, dig shafts and tunnels, four strong arms, antennae 3, large
bone plates 1, wild magic 1
}: 2/15 runes: serpentine, barnacled
a: Dig, Shaft Self, Depart the Abyss, Bend Space, Banish, Corrupt, Enter the
Abyss, Renounce Religion


You were on level 4 of the Pits of Slime.
You worshipped Lugonu.
Lugonu was exalted by your worship.
You were hungry.

You visited 6 branches of the dungeon, and saw 36 of its levels.
You visited the Abyss 3 times.

You collected 2794 gold pieces.

Inventory:

Hand Weapons
 a - a +9 broad axe of distortion (weapon)
 b - a +4 scimitar of flaming
Missiles
 w - 12 throwing nets (quivered)
Armour
 e - a +0 pair of boots (worn)
 m - a scarf of spirit shield (worn)
 v - a +2 pair of gloves (worn)
 x - a cursed +0 large shield (worn)
 y - a +2 chain mail of magic resistance (worn)
 I - a +0 crystal plate armour
Jewellery
 l - an amulet of regeneration (around neck)
 p - a +5 ring of strength (right hand)
 q - an uncursed ring of flight
 C - a +2 ring of slaying
 D - a ring of resist corrosion (left hand)
 V - a +4 ring of evasion
Wands
 k - a wand of random effects (32)
 z - a wand of flame (20)
 E - a wand of scattershot (4)
 F - a wand of clouds (7)
 G - a wand of acid (27)
 J - a wand of iceblast (4)
 K - a wand of paralysis (8)
 N - a wand of disintegration (43)
 U - a wand of polymorph (7)
Scrolls
 d - 8 scrolls of identify
 h - 9 scrolls of remove curse
 n - 8 scrolls of fear
 s - 8 scrolls of enchant weapon
 B - 3 scrolls of fog
 H - 4 scrolls of magic mapping
 S - 3 scrolls of amnesia
 T - 3 scrolls of immolation
 Z - 2 scrolls of summoning
Potions
 f - 2 potions of heal wounds
 g - 13 potions of lignification
 j - 6 potions of invisibility
 o - 16 potions of curing
 r - 6 potions of mutation
 t - a potion of ambrosia
 A - a potion of agility
 L - a potion of cancellation {unknown}
 M - 4 potions of might
 O - 2 potions of brilliance
 R - 3 potions of flight
Miscellaneous
 u - a phantom mirror
Comestibles
 c - 46 rations


   Skills:
 * Level 18.3 Fighting
 + Level 14.2 Axes
 - Level 15.0 Armour
 + Level 3.5 Dodging
 * Level 16.9 Shields
 - Level 16.0 Invocations


You had 18 spell levels left.
You didn't know any spells.
Your spell library contained the following spells:

 Spells                   Type           Power        Failure   Level  Hunger
 Confusing Touch          Hex            #.....       80%         1    ##.....
 Flame Tongue             Conj/Fire      #....        80%         1    ##.....
 Magic Dart               Conj           #...         80%         1    ##.....
 Summon Butterflies       Summ           #.......     80%         1    ##.....
 Searing Ray              Conj           #.....       90%         2    ###....
 Throw Flame              Conj/Fire      #.....       90%         2    ###....
 Call Canine Familiar     Summ           #.......     98%         3    ####...
 Confuse                  Hex            #.......     98%         3    ####...
 Conjure Flame            Conj/Fire      #.......     98%         3    ####...
 Dazzling Spray           Conj/Hex       #.....       98%         3    ####...
 Gell's Gravitas          Tloc           #.........   98%         3    ####...
 Inner Flame              Hex/Fire       #.......     98%         3    ####...
 Force Lance              Conj/Tloc      #.......     100%        4    #####..
 Fulminant Prism          Conj/Hex       #.........   100%        4    #####..
 Iskenderun's Mystic Bla  Conj           #.......     100%        4    #####..
 Leda's Liquefaction      Hex/Erth       #.........   100%        4    #####..
 Petrify                  Tmut/Erth      #.......     100%        4    #####..
 Sticky Flame             Conj/Fire      #.......     100%        4    #####..
 Summon Ice Beast         Ice/Summ       #.......     100%        4    #####..
 Summon Lightning Spire   Summ/Air       #.......     100%        4    #####..
 Bolt of Magma            Conj/Fire/Erth #.........   100%        5    ######.
 Fireball                 Conj/Fire      #.........   100%        5    ######.
 Irradiate                Conj/Tmut      #.........   100%        5    ######.
 Metabolic Englaciation   Hex/Ice        #.........   100%        5    ######.
 Silence                  Hex/Air        #.........   100%        5    ######.
 Summon Mana Viper        Hex/Summ       #.......     100%        5    ######.
 Yara's Violent Unravell  Hex/Tmut       #.........   100%        5    ######.
 Conjure Ball Lightning   Conj/Air       #.........   100%        6    #######
 Deflect Missiles         Chrm/Air       #.........   100%        6    #######
 Hydra Form               Tmut           #.........   100%        6    #######
 Iron Shot                Conj/Erth      #.........   100%        6    #######
 Statue Form              Tmut/Erth      #........    100%        6    #######
 Dragon Form              Tmut           #.........   100%        7    #######
 Summon Hydra             Summ           #.........   100%        7    #######
 Shatter                  Erth           #.........   100%        9    #######
 Tornado                  Air            #.........   100%        9    #######


Dungeon Overview and Level Annotations

Branches:
Dungeon (15/15)            Temple (0/1) D:6            Lair (6/6) D:10
 Shoals (4/4) Lair:2        Snake (4/4) Lair:4        Slime (5/5) Lair:6
    Orc (2/2) D:11            Elf (0/3) Orc:2        Vaults (0/5) D:13
 Depths (0/5) D:15

Altars:
Dithmenos
Gozag
Hepliaklqana
Nemelex Xobeh
Ru
Uskayaw
Vehumet
Xom
Yredelemnul
Zin
Jiyva

Shops:
D:8 ?   Orc:2 [(([*!}(

Annotations:
D:6 3 runed translucent doors, Assimve's ghost, novice CeHu
D:8 exclusion: statue
D:14 1 runed translucent door, Blackhawk's ghost, journeyman MiBe
Shoals:2 exclusion: Roxanne, Roxanne
Shoals:3 Nikola
Snake:2 corrupted
Snake:4 corrupted
Slime:2 corrupted
Slime:5 corrupted, Royal Jelly
Abyss:1 Rupert; Vashnia


Innate Abilities, Weirdness & Mutations

You cannot be hasted, slowed, berserked, paralysed or teleported.
You can dig through walls and to a lower floor.
Your four strong arms can wield two-handed weapons with a shield.
You have a pair of large antennae on your head. (SInv)
You are partially covered in large bone plates. (SH +4)
Your spells are a little harder to cast, but a little more powerful.


Message History

* * * LOW HITPOINT WARNING * * *
You are splashed with acid.
You resist.
* * * LOW HITPOINT WARNING * * *
You block the acid blob's attack.
You feel much better. The acid blob spits acid at you.
The splash of acid hits you but does no damage.
You are splashed with acid.
You resist.
* * * LOW HITPOINT WARNING * * *
You slice the acid blob!!
Your hands burn!
* * * LOW HITPOINT WARNING * * *
The acid blob is severely wounded.
You block the acid blob's attack.
You hit the acid blob.
Space bends around the acid blob.
Your hands burn!
* * * LOW HITPOINT WARNING * * *
The acid blob is severely wounded.
The acid blob hits you!!
* * * LOW HITPOINT WARNING * * *
You are splashed with acid.
You resist.
You die...

## ......#...#. ##.#
....##.....###
#...##....##......##
#..................##
##....................
#..........#..........
##..................#.
#................#...#
..............@......##
.............J.......#
..........<.........##
##.................##
##..#.##...........#
######.........#.##
##........#.#
{{#...........
##.......#...


You could see an acid blob.

Vanquished Creatures
  5 acid blobs
  2 nagarajas
  2 azure jellies
  Nessos (D:13)
  A dire elephant (Lair:4)
  Azrael (Orc:2)
  A merfolk javelineer (Shoals:4)
  3 merfolk impalers
  2 death oozes
  Josephine (Lair:5)
  2 great orbs of eyes (Slime:5)
  Fannar (D:11)
  7 hydras
  Erolcha (D:9)
  3 merfolk avatars
  A merfolk aquamancer (Shoals:2)
  8 anacondas
  3 naga warriors
  2 catoblepae
  Erica (Orc:1)
  2 centaur warriors (D:15)
  4 ogre magi
  A satyr (Shoals:3)
  A death yak (Lair:4)
  14 two-headed ogres
  A tengu warrior (D:14)
  Urug (D:11)
  An orc high priest (Orc:2)
  6 naga sharpshooters
  10 shock serpents
  A salamander mystic (Snake:3)
  2 skeletal warriors (D:9)
  3 unseen horrors
  5 sea snakes
  4 naga ritualists
  17 harpies
  An orc knight (D:15)
  Pikel (D:5)
  14 mana vipers
  An orc sorcerer (Orc:1)
  An oklob plant (Lair:5)
  A shining eye (Slime:2)
  3 salamanders
  12 ugly things
  14 manticores
  2 cyclopes
  4 fauns
  8 naga magi
  Joseph (D:9)
  21 black mambas
  22 elephants
  3 water nymphs
  2 merfolk sirens
  8 spiny frogs
  7 yaktaurs
  2 efreet
  7 rime drakes
  4 komodo dragons
  A kobold demonologist (D:15)
  25 merfolk
  8 trolls
  3 wind drakes
  Grinder (D:4)
  5 polar bears (Lair:6)
  6 blink frogs (Lair:6)
  12 dream sheep
  11 hippogriffs
  29 slime creatures
  6 snapping turtles
  5 hornets
  4 flying skulls
  A centaur simulacrum (D:15)
  5 wraiths
  A vampire (D:13)
  11 water elementals
  6 shadows
  A basilisk (Lair:5)
  19 yaks
  A hungry ghost (D:13)
  6 wyverns
  Grum (D:9)
  A golden eye (Slime:2)
  3 fire elementals (Orc:2)
  27 nagas
  6 wargs
  3 hell hounds (Orc:2)
  14 water moccasins
  12 porcupines
  Duvessa (D:5)
  21 orc warriors
  6 sky beasts
  3 black bears
  An eye of draining (Lair:6)
  5 ice beasts
  27 ogres
  6 phantoms
  26 wolves
  A boggart (D:13)
  18 centaurs
  16 crocodiles
  5 big kobolds
  17 bullfrogs
  A scorpion (D:6)
  Dowan (D:5)
  3 wyvern skeletons
  8 killer bees
  9 wights (D:9)
  5 electric eels
  3 crimson imps
  3 centaur zombies
  7 hounds
  5 jellies
  8 bullfrog skeletons
  21 orc priests
  8 centaur skeletons
  25 orc wizards
  Ijyb (D:5)
  Natasha (thrice) (D:2)
  15 worker ants
  5 iguanas
  A killer bee zombie (D:9)
  A hound zombie (D:11)
  5 hound skeletons
  3 worker ant zombies (D:9)
  15 gnolls
  16 adders
  2 shadow imps
  An adder zombie (D:9)
  2 oozes
  5 adder skeletons
  3 worms
  5 leopard geckos
  71 orcs
  5 giant cockroaches
  A goblin (D:2)
  6 hobgoblins
  6 jackals
  7 quokkas
  A ball python (D:1)
  8 bats
  5 frilled lizards
  2 gnoll zombies (D:6)
  A jackal zombie (D:9)
  34 kobolds
  A leopard gecko zombie (D:9)
  5 rats
  6 fungi
  11 plants
1007 creatures vanquished.

Vanquished Creatures (others)
  Dissolution (Slime:2)
  14 acid blobs
  Agnes (Snake:4)
  6 azure jellies
  5 nagarajas (Snake:4)
  A fire giant (D:15)
  3 death oozes (Slime:5)
  A merfolk impaler (Shoals:1)
  An ogre mage (Orc:2)
  3 great orbs of eyes
  2 hydras
  4 anacondas
  7 naga warriors
  A centaur warrior (D:13)
  A merfolk avatar (Shoals:4)
  A satyr (Shoals:1)
  An alligator snapping turtle (Shoals:2)
  3 two-headed ogres
  A merfolk aquamancer (Shoals:3)
  8 naga sharpshooters
  2 shock serpents (Snake:2)
  A tengu warrior (D:13)
  3 naga ritualists (Snake:4)
  3 sea snakes
  A shining eye (Slime:5)
  An ugly thing (D:14)
  A mana viper (Snake:4)
  An orc sorcerer (Orc:1)
  A cyclops (Shoals:3)
  A manticore (Lair:2)
  A salamander (Snake:4)
  A salamander (shapeshifter) (D:15)
  An oklob plant (Orc:1)
  3 elephants
  16 black mambas
  A centaur zombie (D:14)
  3 naga magi (Snake:4)
  An eye of devastation (Slime:5)
  2 spiny frogs
  A yaktaur (D:13)
  3 komodo dragons
  A troll (Orc:2)
  A polar bear (Lair:6)
  A merfolk (Shoals:3)
  A blink frog (Lair:6)
  19 slime creatures
  A snapping turtle (Shoals:3)
  A hippogriff (D:14)
  2 wraiths (Lair:5)
  2 yaks
  A fire elemental (Orc:2)
  A vampire (D:14)
  5 golden eyes (Slime:2)
  A hungry ghost (D:13)
  23 nagas
  2 spatial vortices (Snake:2)
  9 water moccasins
  A hell hound (Orc:2)
  2 orc warriors
  6 eyes of draining
  2 slaves (D:5)
  2 ogres (Orc:2)
  2 wolves
  A big kobold (D:13)
  A bullfrog skeleton (D:5)
  5 adders (Snake:2)
  An orc (Orc:2)
  A ball python (Snake:2)
  A quokka (D:5)
  10 fungi
  38 plants
  44 starspawn tentacles
  8 tentacles (Shoals:3)
309 creatures vanquished.

Grand Total: 1316 creatures vanquished

Notes
Turn   | Place    | Note
-------+----------+-------------------------------------------
     0 | Abyss:1  | Blackhawk the Formicid Abyssal Knight began the quest for
                  | the Orb.
     0 | Abyss:1  | Reached XP level 1. HP: 18/18 MP: 2/2
    88 | Abyss:1  | Noticed a quasit
    90 | Abyss:1  | Noticed a lich
    91 | D:1      | Escaped the Abyss
   122 | D:1      | Reached skill level 1 in Dodging
   207 | D:1      | Reached XP level 2. HP: 20/24 MP: 3/3
   317 | D:1      | Reached * piety under Lugonu
   534 | D:1      | Reached XP level 3. HP: 29/29 MP: 4/4
   930 | D:2      | Reached XP level 4. HP: 37/37 MP: 6/6
  1052 | D:2      | Noticed Natasha
  1078 | D:2      | Killed Natasha
  1235 | D:2      | Reached XP level 5. HP: 42/42 MP: 7/7
  1265 | D:2      | Reached ** piety under Lugonu
  1358 | D:2      | Noticed Natasha
  1370 | D:2      | Killed Natasha
  1370 | D:2      | Reached skill level 4 in Fighting
  1381 | D:2      | Noticed Natasha
  1399 | D:2      | Killed Natasha
  1437 | D:2      | You fall through a shaft!
  1945 | D:3      | Reached XP level 6. HP: 42/48 MP: 8/8
  2506 | D:4      | Found a glowing silver altar of Zin.
  2578 | D:4      | Noticed Grinder
  2600 | D:4      | Killed Grinder
  2600 | D:4      | Reached skill level 1 in Shields
  2600 | D:4      | Reached XP level 7. HP: 17/55 MP: 8/10
  3036 | D:5      | Entered Level 5 of the Dungeon
  3158 | D:5      | Reached skill level 5 in Fighting
  3166 | D:5      | Noticed Pikel
  3223 | D:5      | Killed Pikel
  3223 | D:5      | Reached skill level 5 in Invocations
  3223 | D:5      | Reached XP level 8. HP: 56/63 MP: 10/12
  3254 | D:5      | Found the +2 robe of Vines {NoPotionHeal Regen+7}
  3342 | D:5      | Noticed Ijyb
  3350 | D:5      | Reached skill level 5 in Armour
  3365 | D:5      | Killed Ijyb
  3424 | D:5      | Reached *** piety under Lugonu
  3492 | D:5      | Noticed Duvessa
  3495 | D:5      | Noticed Dowan
  3511 | D:5      | Killed Duvessa
  3527 | D:5      | Killed Dowan
  3578 | D:5      | Found a shadowy altar of Dithmenos.
  3639 | D:5      | Reached skill level 6 in Fighting
  3652 | D:5      | Found a hazy altar of Hepliaklqana.
  3887 | D:5      | Reached skill level 5 in Axes
  3887 | D:5      | Reached XP level 9. HP: 69/69 MP: 13/13
  4076 | D:6      | Reached skill level 5 in Shields
  4488 | D:6      | Found a staircase to the Ecumenical Temple.
  4535 | D:6      | Found a runed translucent gate.
  4718 | D:6      | Found a runed translucent gate.
  4718 | D:6      | Found a runed translucent gate.
  4718 | D:6      | Noticed Assimve's ghost (novice CeHu)
  4922 | D:6      | Found a basalt altar of Yredelemnul.
  5097 | D:7      | Reached **** piety under Lugonu
  5097 | D:7      | Reached skill level 7 in Fighting
  5199 | D:7      | Noticed a hippogriff
  5224 | D:7      | Killed a hippogriff
  5224 | D:7      | Reached XP level 10. HP: 60/79 MP: 15/15
  5602 | D:7      | Found a sacrificial altar of Ru.
  5974 | D:8      | Gained mutation: Your spells are a little harder to cast,
                  | but a little more powerful. [potion of mutation]
  5974 | D:8      | Gained mutation: You are partially covered in large bone
                  | plates. (SH +4) [potion of mutation]
  6062 | D:8      | Found Lakeemamue's Magic Scroll Emporium.
  6261 | D:8      | HP: 1/80 [orc priest/divine providence (15)]
  6605 | D:8      | Found a radiant altar of Vehumet.
  6675 | D:8      | Found a hide-covered altar of Uskayaw.
  7025 | D:9      | Noticed Erolcha
  7040 | D:9      | Cast into level 2 of the Abyss (Erolcha)
  7125 | D:9      | Escaped the Abyss
  7145 | D:9      | Cast into level 2 of the Abyss (Erolcha)
  7163 | D:9      | Escaped the Abyss
  7168 | D:9      | Found a sparkling altar of Nemelex Xobeh.
  7169 | D:9      | Killed Erolcha
  7169 | D:9      | Reached skill level 8 in Fighting
  7466 | D:8      | Reached XP level 11. HP: 87/87 MP: 17/17
  7654 | D:9      | Found an opulent altar of Gozag.
  7864 | D:9      | Noticed Grum
  8076 | D:9      | Killed Grum
  8137 | D:9      | Reached skill level 9 in Fighting
  8301 | D:9      | Reached ***** piety under Lugonu
  8341 | D:9      | Noticed Joseph
  8384 | D:9      | Killed Joseph
  8494 | D:9      | Noticed a skeletal warrior
  8534 | D:9      | Killed a skeletal warrior
  8571 | D:9      | Noticed a two-headed ogre
  8577 | D:9      | Killed a two-headed ogre
  8577 | D:9      | Reached skill level 10 in Invocations
  8664 | D:9      | Noticed a skeletal warrior
  8716 | D:9      | Killed a skeletal warrior
  8716 | D:9      | Reached XP level 12. HP: 43/96 MP: 10/19
  8976 | D:10     | Entered Level 10 of the Dungeon
  8977 | D:10     | Noticed an unseen horror
  9009 | D:10     | Killed an unseen horror
  9066 | D:10     | Found a staircase to the Lair.
  9582 | D:11     | Reached skill level 10 in Fighting
  9586 | D:11     | Noticed Urug
  9599 | D:11     | Killed Urug
  9726 | D:11     | Noticed a two-headed ogre
  9734 | D:11     | Killed a two-headed ogre
  9824 | D:11     | Reached skill level 10 in Shields
 10041 | D:11     | Reached skill level 10 in Armour
 10184 | D:11     | Found a shimmering altar of Xom.
 10189 | D:11     | Found a shimmering altar of Xom.
 10189 | D:11     | Found a shimmering altar of Xom.
 10189 | D:11     | Found a shimmering altar of Xom.
 10189 | D:11     | Found a shimmering altar of Xom.
 10204 | D:11     | Found a shimmering altar of Xom.
 10323 | D:11     | Found a staircase to the Orcish Mines.
 10412 | D:11     | Noticed Fannar
 10463 | D:11     | Killed Fannar
 10760 | D:12     | You fall through a shaft for 2 floors!
 11016 | D:13     | Reached XP level 13. HP: 104/104 MP: 21/21
 11096 | D:13     | Reached ****** piety under Lugonu
 11100 | D:13     | Identified a +7 broad axe of distortion (a +5 broad axe
                  | corrupted by Lugonu)
 11100 | D:13     | Received a gift from Lugonu
 11109 | D:13     | Noticed Nessos
 11110 | D:13     | Noticed a five-headed hydra
 11131 | D:13     | Banished a five-headed hydra
 11151 | D:13     | Killed Nessos
 11354 | D:12     | Reached skill level 11 in Fighting
 11637 | D:13     | Reached skill level 10 in Axes
 11679 | D:13     | You fall through a shaft!
 12039 | D:13     | Noticed a centaur warrior
 12058 | D:13     | Banished a centaur warrior
 12216 | D:13     | Found a gate to the Vaults.
 12411 | Lair:1   | Entered Level 1 of the Lair of Beasts
 12803 | Lair:2   | Noticed a six-headed hydra
 12817 | Lair:2   | Killed a five-headed hydra
 12820 | Lair:2   | Reached XP level 14. HP: 20/114 MP: 2/23
 13280 | Lair:2   | Found a staircase to the Shoals.
 14151 | Lair:3   | Reached skill level 12 in Fighting
 14798 | Lair:4   | Noticed a dire elephant
 14809 | Lair:4   | Killed a dire elephant
 14895 | Lair:4   | Found a staircase to the Snake Pit.
 15468 | Lair:5   | Noticed Rupert
 15490 | Lair:5   | Banished Rupert
 15490 | Lair:5   | Reached skill level 13 in Fighting
 15540 | Lair:5   | Noticed Josephine
 15592 | Lair:5   | Killed Josephine
 15831 | Lair:5   | Reached XP level 15. HP: 123/123 MP: 24/24
 16391 | Lair:6   | Entered Level 6 of the Lair of Beasts
 16844 | Lair:6   | Found a staircase to the Slime Pits.
 17007 | Lair:6   | Reached skill level 14 in Fighting
 17217 | Lair:6   | Found the +7 captain's cutlass {speed, disarm}
 17845 | D:14     | Noticed Blackhawk's ghost (journeyman MiBe)
 17846 | D:14     | Found a runed translucent door.
 18228 | D:14     | Reached XP level 16. HP: 134/134 MP: 26/26
 18414 | D:15     | Entered Level 15 of the Dungeon
 18592 | D:15     | Found a staircase to the Depths.
 18593 | D:15     | Noticed a fire giant
 18593 | D:15     | Banished a fire giant
 19881 | Orc:1    | Entered Level 1 of the Orcish Mines
 19892 | Orc:1    | Reached skill level 15 in Fighting
 20010 | Orc:2    | Entered Level 2 of the Orcish Mines
 20010 | Orc:2    | Found Yduckog's Antique Weapon Boutique.
 20269 | Orc:1    | Noticed Erica
 20277 | Orc:1    | Killed Erica
 20728 | Orc:2    | Found Ysoptyre's Gadget Shop.
 20776 | Orc:2    | Noticed Azrael
 20807 | Orc:2    | Found a staircase to the Elven Halls.
 20811 | Orc:2    | Killed Azrael
 21093 | Orc:2    | Found Uduikkam's Antique Armour Boutique.
 21135 | Orc:2    | Found Ciusun's Weapon Shoppe.
 21200 | Orc:2    | Found Guimigh's Weapon Emporium.
 21200 | Orc:2    | Found Manakh's Assorted Antiques.
 21200 | Orc:2    | Found Bimaz's Armour Shop.
 21200 | Orc:2    | Found Sobbygum's Distillery.
 21639 | Shoals:1 | Entered Level 1 of the Shoals
 21725 | Shoals:1 | Reached XP level 17. HP: 137/143 MP: 25/28
 22417 | Shoals:1 | Reached skill level 16 in Fighting
 22762 | Snake:1  | Entered Level 1 of the Snake Pit
 22835 | Snake:1  | Reached skill level 15 in Invocations
 24619 | Snake:2  | Identified the +2 scale mail of Inviolability {rF+} (You
                  | found it on level 2 of the Snake Pit)
 24794 | Snake:2  | Corrupted Snake:2
 24794 | Snake:2  | Noticed a tentacled starspawn
 24796 | Snake:2  | Noticed a tentacled starspawn
 24797 | Snake:2  | Noticed a tentacled starspawn
 25234 | Snake:3  | Reached skill level 15 in Shields
 25465 | Snake:3  | Noticed Vashnia
 25476 | Snake:3  | Banished Vashnia
 25607 | Snake:3  | Reached XP level 18. HP: 136/153 MP: 14/29
 25749 | Snake:3  | Reached skill level 17 in Fighting
 26627 | Snake:4  | Entered Level 4 of the Snake Pit
 26685 | Snake:4  | Noticed Agnes
 26771 | Snake:4  | Corrupted Snake:4
 26774 | Snake:4  | Noticed a bone dragon
 26779 | Snake:4  | Killed Agnes
 27091 | Snake:4  | Got a serpentine rune of Zot
 27567 | Shoals:2 | Noticed Roxanne
 29117 | Shoals:3 | Noticed a kraken
 29315 | Shoals:3 | Noticed Nikola
 29431 | Shoals:4 | Entered Level 4 of the Shoals
 29785 | Shoals:4 | Reached skill level 15 in Armour
 29996 | Shoals:4 | Reached XP level 19. HP: 154/163 MP: 29/31
 30024 | Shoals:4 | Got a barnacled rune of Zot
 30219 | Slime:1  | Entered Level 1 of the Pits of Slime
 30479 | Slime:2  | Noticed Dissolution
 30481 | Slime:2  | Corrupted Slime:2
 30492 | Slime:2  | Killed Dissolution
 30720 | Slime:2  | Reached skill level 18 in Fighting
 31619 | Slime:5  | Entered Level 5 of the Pits of Slime
 31890 | Slime:5  | Found a viscous altar of Jiyva.
 31891 | Slime:5  | Noticed the Royal Jelly
 31897 | Slime:5  | Corrupted Slime:5
 31898 | Slime:5  | Noticed a lich
 31927 | Slime:5  | Noticed a Hell Sentinel
 31996 | Slime:5  | HP: 7/164 [acid[the Royal Jelly] (6)]
 32012 | Slime:4  | HP: 2/164 [acid blob[the Royal Jelly] (21)]
 32012 | Slime:4  | Splashed by an acid blob's acid

Skill      XL: |  1  2  3  4  5  6  7  8  9 10 11 12 13 14 15 16 17 18 19 |
---------------+----------------------------------------------------------+-----
Dodging        | 1 2 3 |  3.5
Invocations    | 3 4 5 6 7 8 10 11 12 13 14 15 16 | 16.0
Armour         | 3 4 5 6 7 9 10 11 12 13 14 15 | 15.0
Fighting       | 4 5 6 7 8 9 10 11 13 14 15 16 17 18 | 18.3
Axes           | 3 4 5 6 7 8 9 10 11 12 13 14 | 14.2
Shields        | 1 3 4 6 7 9 10 11 12 13 14 15 16 | 16.9

Action                   |  1- 3 |  4- 6 |  7- 9 | 10-12 | 13-15 | 16-18 | 19-21 || total
-------------------------+-------+-------+-------+-------+-------+-------+-------++-------
Melee: Hand axe          |   107 |   231 |   472 |   654 |       |       |       ||  1464
       War axe           |       |       |       |   527 |    72 |       |       ||   599
       Broad axe         |       |       |       |       |   651 |  1305 |   163 ||  2119
       Scimitar          |       |       |       |       |    37 |     3 |     4 ||    44
Invok: Depart the Abyss  |     1 |       |       |     2 |       |       |       ||     3
       Banish            |       |       |       |       |     2 |     1 |     1 ||     4
       Brand Weapon With |       |       |       |       |     1 |       |       ||     1
       Corrupt           |       |       |       |       |       |     2 |     2 ||     4
       Bend Space        |       |       |       |       |       |     4 |     1 ||     5
 Abil: Dig               |       |       |       |     3 |     2 |    16 |     1 ||    22
  Use: Potion            |       |       |     1 |     6 |     1 |     2 |     3 ||    13
       Scroll            |       |       |       |    11 |    11 |     7 |       ||    29
  Eat: Chunk             |       |     6 |     8 |    23 |    26 |    33 |     4 ||   100
       Ration            |       |       |       |       |       |     3 |     1 ||     4
Armor: Leather armour    |     9 |       |       |       |       |       |       ||     9
       Chain mail        |    78 |   168 |   236 |    85 |       |   251 |    75 ||   893
       Crystal plate arm |       |       |       |   382 |   392 |    87 |       ||   861
Dodge: Dodged            |    47 |    72 |    57 |    88 |   103 |   241 |    25 ||   633
Block: Large shield      |       |    12 |   328 |  1264 |   903 |  1671 |   175 ||  4353
       Rpst.: Scimitar   |       |       |       |       |     3 |       |       ||     3
